 Dungeon Crawl Stone Soup version 0.25-a0-289-g406d636 (webtiles) character file.

Game seed: 1112196880366204862, levelgen mode: deterministic

53 FruityBerryJuice the Skirmisher (level 3, -2/49 HPs)
             Began as a Draconian Berserker on Dec 12, 2019.
             Was a Follower of Trog.
             Slain by a goblin
             ... wielding a +0 dagger
             ... led by Robin
              (3 damage)
             ... on level 2 of the Dungeon.
             The game lasted 00:01:53 (541 turns).

FruityBerryJuice the Skirmisher (DrBe)               Turns: 541, Time: 00:01:54

Health: -2/49      AC:  5    Str: 25    XL:     3   Next: 62%
Magic:  3/3        EV: 13    Int:  7    God:    Trog [*.....]
Gold:   82         SH:  0    Dex: 10    Spells: 2/2 levels left

rFire    . . .     SeeInvis .   a - +0 mace
rCold    . . .     Gourm    .   (no shield)
rNeg     . . .     Faith    .   (armour unavailable)
rPois    .         Spirit   .   (helmet restricted)
rElec    .         Reflect  .   (no cloak)
rCorr    .         Harm     .   (no gloves)
MR       .....                  (no boots)
Stlth    ..........             (no amulet)
HPRegen  0.16/turn              (no ring)
MPRegen  0.08/turn              (no ring)

@: berserking (expiring), very quick
A: unfitting armour, cold-blooded, AC +5
a: Berserk, Renounce Religion


You were on level 2 of the Dungeon.
You worshipped Trog.
Trog was aware of your devotion.
You were not hungry.

You visited 1 branch of the dungeon, and saw 2 of its levels.

You collected 82 gold pieces.

Inventory:

Hand Weapons
 a - a +0 mace (weapon)
Scrolls
 c - a scroll of identify {unknown}
 d - a scroll of teleportation {unknown}
 e - a scroll of enchant armour {unknown}
Comestibles
 b - 2 rations


   Skills:
 + Level 3.8 Fighting
 + Level 3.7 Maces & Flails
 + Level 3.2 Dodging
 + Level 0.2 Stealth


You had 2 spell levels left.
You didn't know any spells.
Your spell library was empty.

Dungeon Overview and Level Annotations

Branches:
Dungeon (2/15)

Altars:

Annotations:
D:2 Jessica


Innate Abilities, Weirdness & Mutations

Your plain brown scales are hard. (AC +5)
You cannot fit into any form of body armour.
You are cold-blooded and may be slowed by cold attacks.


Message History

The goblin completely misses you. The goblin misses you. x2
The goblin hits you but does no damage.
The hobgoblin hits you but does no damage.
You sock the goblin!
You kill the goblin!
Trog accepts your kill. The goblin hits you but does no damage.
The goblin closely misses you. x2
You completely miss the goblin. The goblin closely misses you.
The hobgoblin barely misses you. The goblin hits you with a +0 dagger.
* * * LOW HITPOINT WARNING * * *
The goblin barely misses you. The goblin hits you with a +0 dagger.
* * * LOW HITPOINT WARNING * * *
You closely miss the goblin.
Your tail-slap misses the goblin.
The goblin misses you. The hobgoblin misses you. The goblin barely misses you.
The goblin hits you but does no damage.
You thump the goblin!
You kill the goblin!
Trog accepts your kill. The goblin hits you with a +0 dagger.
You die...

#...........#
#.....#####.#
#.....#####.#####
#######.#.)..........#
..........#####..###.#
##..###...†####..##
....# #...........#
.#..###.#######)))#
#.......# #g@>#
....†<##.......ggg#
#..#).# .#####..rw#
.#.#..# . ...#@.#
##.#..# #.#....#
##.#..# #.####.#
....... # .. ##.#....
.. ##.#.....


You could see a worm, Jessica, a hobgoblin, 3 goblins and a rat.

Vanquished Creatures
  Robin (D:2)
  An adder (D:2)
  A dart slug (D:1)
  3 bats
  10 goblins
  5 hobgoblins
  A quokka (D:2)
  A ball python (D:2)
  2 frilled lizards
  2 kobolds (D:1)
  2 rats (D:1)
29 creatures vanquished.

Notes
Turn   | Place    | Note
-------+----------+-------------------------------------------
     0 | D:1      | FruityBerryJuice the Draconian Berserker began the quest
                  | for the Orb.
     0 | D:1      | Reached XP level 1. HP: 19/19 MP: 1/1
   131 | D:1      | Reached XP level 2. HP: 11/26 MP: 2/2
   438 | D:2      | Reached XP level 3. HP: 25/31 MP: 3/3
   520 | D:2      | Noticed Robin
   526 | D:2      | Noticed Jessica
   531 | D:2      | Killed Robin
   539 | D:2      | HP: 1/49 [goblin/+0 dagger[Robin] (3)]
   541 | D:2      | Slain by a goblin

Levels and vault maps discovered:
D:1:      psy_arrival_terrarium, layout_rooms
D:2:      layout_loops_ring, uniq_jessica, uniq_crazy_yiuf_cottage, uniq_robin

Skill      XL: |  1  2 |
---------------+-------+-----
Dodging        | 3 |  3.2
Fighting       | |  3.8
Maces & Flails | |  3.7
Stealth        | |  0.2

Action                   || total
-------------------------++-------
Melee: Mace              ||    75
       Tailslap          ||     5
Invok: Berserk           ||     1
Armor: Skin              ||    56
Dodge: Dodged            ||   124

Table legend:
 A = Non-vault XP
 B = Vault XP
 C = Vault XP percentage of total XP
 D = Non-vault monster count
 E = Vault monster count
 F = Vault count percentage of total count
                 A         B        C        D         E       F
            +---------+---------+-------+---------+---------+-------
      Total |      47 |      29 |  38.2 |      21 |       8 |  27.6
            +---------+---------+-------+---------+---------+-------
        D:1 |      21 |       0 |   0.0 |      12 |       0 |   0.0
        D:2 |      26 |      29 |  52.7 |       9 |       8 |  47.1
            +---------+---------+-------+---------+---------+-------
